 Dungeon Crawl Stone Soup version 0.30-a0-862-g1aabd4f9c5 (webtiles) character file.

Game seed: 9848942448240888755

5457 fets63 the Destroyer (level 10, -6/60 HPs)
             Began as an Octopode Conjurer on Mar 9, 2023.
             Was a Follower of Sif Muna.
             Mangled by a troll (10 damage)
             ... on level 9 of the Dungeon on Mar 10, 2023.
             The game lasted 01:35:01 (12017 turns).

fets63 the Destroyer (Octopode Conjurer)           Turns: 12017, Time: 01:35:05

Health: -6/60      AC:  1    Str:  6    XL:     10   Next: 68%
Magic:  12/21      EV: 24    Int: 28    God:    Sif Muna [*.....]
Gold:   277        SH:  0    Dex: 11    Spells: 6/23 levels left

rFire   . . .      SeeInvis .    A - +7 shortbow "Leviticus" {heavy, rElec rC- rCorr Int+3}
rCold   x . .      Faith    .    (shield currently unavailable)
rNeg    . . .      Spirit   .    (helmet restricted)
rPois   .          Reflect  .    (no amulet)
rElec   +          Rampage  .    r - ring of flight
rCorr   +                        p - +5 ring of evasion
Will    .....                    i - +5 ring of evasion
Stlth   ++++                     (no ring)
HPRegen 0.30/turn                (no ring)
MPRegen 0.17/turn                (no ring)
                                 (no ring)
                                 (no ring)

@: channelling, flying
A: almost no armour, amphibious, 8 rings, camouflage 1, gelatinous body 1,
(nimble swimmer 1), tentacles
a: Renounce Religion, Channel Magic


You were on level 9 of the Dungeon.
You worshipped Sif Muna.
Sif Muna was aware of your devotion.
You visited 2 branches of the dungeon, and saw 10 of its levels.

You collected 517 gold pieces.
You spent 240 gold pieces at shops.

Inventory:

Hand Weapons
 f - a +1 short sword
 h - a +3 whip of freezing
 n - a +0 dagger of venom
 A - the +7 shortbow "Leviticus" (weapon) {heavy, rElec rC- rCorr Int+3}
   (You bought it in a shop on level 8 of the Dungeon)

   Int:       It affects your intelligence (+3).
   rC:        It makes you vulnerable to cold.
   rElec:     It insulates you from electricity.
   rCorr:     It protects you from acid and corrosion.
Missiles
 c - a curare-tipped dart
 g - 25 poisoned darts
 j - 6 boomerangs
Jewellery
 i - a +5 ring of evasion (on tentacle)
 p - a +5 ring of evasion (right tentacle)
 r - a ring of flight (left tentacle)
 v - a ring of fire
Wands
 e - a wand of polymorph (7)
 t - a wand of mindburst (9)
Scrolls
 k - 2 scrolls of silence
 o - a scroll of magic mapping
 s - 2 scrolls of teleportation
 y - 2 scrolls of enchant armour
Potions
 a - a potion of magic
 b - 2 potions of mutation
 d - 2 potions of cancellation
 l - a potion of attraction {unknown}
 m - a potion of lignification {unknown}
 q - 3 potions of resistance
 u - a potion of ambrosia
 x - a potion of brilliance {unknown}
 z - a potion of curing


   Skills:
 + Level 1.7 Fighting
 + Level 0.9 Short Blades
 + Level 0.7 Ranged Weapons
 + Level 2.5 Throwing
 + Level 4.9 Dodging
 + Level 5.5 Stealth
 + Level 7.4 Spellcasting
 + Level 8.7 Conjurations
 * Level 2.0 Hexes
 * Level 2.0 Translocations
 * Level 5.5 Transmutations
 * Level 5.4 Earth Magic


You had 6 spell levels left.
You knew the following spells:

 Your Spells              Type           Power      Damage    Failure   Level
a - Magic Dart            Conj           100%       1d8       1%          1
b - Searing Ray           Conj           100%       2d8       1%          2
c - Dazzling Flash        Conj/Hex       80%        N/A       1%          3
d - Petrify               Tmut/Erth      41%        N/A       5%          4
e - Teleport Other        Tloc           21%        N/A       7%          3
f - Fulminant Prism       Conj/Hex       20%        3d12      5%          4

Your spell library contained the following spells:

 Spells                   Type           Power      Damage    Failure   Level
 Iskenderun's Mystic Bla  Conj/Tloc      40%        2d9       5%          4
 Gell's Gravitas          Tloc           21%        N/A       7%          3
 Statue Form              Tmut/Erth      27%        N/A       63%         6
 Metabolic Englaciation   Hex/Ice        8%         N/A       67%         5
 Dispersal                Tloc           10%        N/A       98%         6


Dungeon Overview and Level Annotations

Branches:
Dungeon (9/15)             Temple (1/1) D:5
   Lair: D:8-11         Orc: D:9-12

Altars:
Cheibriados
Dithmenos
Elyvilon
Fedhas
Gozag
Kikubaaqudgha
Makhleb
Nemelex Xobeh
Okawaru
Qazlal
Sif Muna
Uskayaw
Vehumet
Wu Jian
Xom
Zin

Shops:
D:8 (


Innate Abilities, Weirdness & Mutations

You cannot wear most types of armour.
You are amphibious.
You can wear up to eight rings at the same time.
Your skin changes colour to match your surroundings (Stealth+).
Your rubbery body absorbs attacks. (AC +1, EV +1)
((You are camouflaged when in or above water. (Stealth+)))
You have tentacles for arms and can constrict up to eight enemies at once.


Message History

Confirm with . or Enter, or press ? or * to list all spells.
Aiming: Searing Ray (safe; 1% risk of failure)
Press: ? - help, Shift-Dir - straight line The searing ray hits the centaur warrior!
The centaur warrior is almost dead.
The searing ray hits the troll.
The troll is moderately wounded. (Press . to maintain the ray.)
The centaur warrior hits you!
The centaur warrior kicks you but does no damage.
The searing ray misses the centaur warrior.
The searing ray hits the troll!
The troll is heavily wounded.
The centaur warrior closely misses you. x2
The centaur warrior hits you but does no damage.
The centaur warrior completely misses you.
The searing ray hits the centaur warrior!
You kill the centaur warrior!
Sif Muna accepts your kill.
The searing ray hits the troll.
The troll is heavily wounded.
Your Hexes skill increases to level 2!
Your Translocations skill increases to level 2!
The searing ray hits the troll!
The troll is almost dead.
You finish channelling your searing ray.
The troll misses you. x2; The troll claws you!
* * * LOW HITPOINT WARNING * * *
Okay, then.
The troll bites you but does no damage. The troll closely misses you.
The troll misses you.
Casting: Searing Ray (safe; 1% risk of failure)
Confirm with . or Enter, or press ? or * to list all spells.
Aiming: Teleport Other (dangerous; 7% risk of failure)
Press: ? - help, Shift-Dir - straight line The troll looks slightly unstable.
The troll closely misses you. The troll claws you!
* * * LOW HITPOINT WARNING * * *
The troll claws you!
You die...

##.#...#
####...<..####.
+..............
####......####.
##.##.## ####.# #.# #.#
#####.### # #.#
#@....... # ###.#
#T###.##. ## #...###.#
.## ##.#.##..###.. ..#
#####............$.
.##.(.....###.###..#..#
##.......# .T... #...##
.....#..##.#####.##.##
##...#.##. .###


You could see a troll (teleporting).

Vanquished Creatures
  A centaur warrior (D:9)
  A two-headed ogre (D:9)
  Pikel (D:7)
  Grinder (D:3)
  Prince Ribbit (D:5)
  Sigmund (D:5)
  2 wyverns
  A water moccasin (D:7)
  Edmund (D:5)
  5 ice beasts
  An orc warrior (D:9)
  A black bear (D:5)
  An ogre (D:6)
  2 centaurs
  A tengu (shapeshifter) (D:9)
  2 kobold brigands (D:7)
  A bullfrog (D:8)
  3 scorpions
  3 killer bees (D:7)
  5 howler monkeys
  4 jellies
  4 orc priests
  A gnoll bouda (D:6)
  A hound (D:4)
  2 iguanas
  3 sleepcaps
  Ijyb (D:4)
  Natasha (D:3)
  10 orc wizards
  5 gnolls (D:6)
  16 adders
  3 white imps
  4 worms
  2 dart slugs (D:2)
  33 orcs
  5 bats
  7 endoplasms
  11 giant cockroaches
  6 goblins
  6 hobgoblins
  5 jackals
  5 quokkas
  9 ball pythons
  2 frilled lizards
  12 kobolds
  2 rats
195 creatures vanquished.

Vanquished Creatures (others)
  8 plants (D:3)
  7 withered plants (D:3)
15 creatures vanquished.

Grand Total: 210 creatures vanquished

Notes
Turn   | Place    | Note
-------+----------+-------------------------------------------
     0 | D:1      | fets63 the Octopode Conjurer began the quest for the Orb.
     0 | D:1      | Reached XP level 1. HP: 11/11 MP: 3/3
   283 | D:1      | Reached XP level 2. HP: 17/17 MP: 1/5
   832 | D:1      | Learned a level 2 spell: Searing Ray
  1233 | D:2      | Reached XP level 3. HP: 21/21 MP: 3/6
  1639 | D:2      | Reached XP level 4. HP: 27/27 MP: 1/7
  1845 | D:2      | Reached skill level 5 in Conjurations
  2563 | D:3      | Reached XP level 5. HP: 31/31 MP: 2/8
  2615 | D:3      | Learned a level 3 spell: Dazzling Flash
  2902 | D:3      | Found a sparkling altar of Nemelex Xobeh.
  2943 | D:3      | Noticed Grinder
  2949 | D:3      | Paralysed by Grinder for 2 turns
  3522 | D:3      | Learned a level 4 spell: Petrify
  3590 | D:3      | Paralysed by Grinder for 4 turns
  3606 | D:3      | Killed Grinder
  3607 | D:3      | Reached skill level 6 in Conjurations
  3607 | D:3      | Reached skill level 1 in Transmutations
  3607 | D:3      | Reached skill level 1 in Earth Magic
  3607 | D:3      | Reached XP level 6. HP: 28/36 MP: 5/11
  3701 | D:3      | Noticed Natasha
  3705 | D:3      | Killed Natasha
  3767 | D:3      | Found an ancient bone altar of Kikubaaqudgha.
  3768 | D:3      | Found a blossoming altar of Fedhas.
  3982 | D:4      | Reached XP level 7. HP: 32/41 MP: 4/12
  4608 | D:4      | Noticed Ijyb
  4616 | D:4      | Killed Ijyb
  5131 | D:5      | Entered Level 5 of the Dungeon
  5151 | D:5      | Noticed Prince Ribbit
  5162 | D:5      | Killed Prince Ribbit
  5163 | D:5      | Reached XP level 8. HP: 39/47 MP: 5/15
  5289 | D:5      | Reached skill level 5 in Spellcasting
  5459 | D:5      | Found a staircase to the Ecumenical Temple.
  5496 | D:5      | Noticed Edmund
  5536 | D:5      | Killed Edmund
  5537 | D:5      | Reached skill level 5 in Stealth
  5566 | D:5      | Reached skill level 1 in Throwing
  5930 | D:5      | Found a shimmering altar of Xom.
  6375 | Temple   | Entered the Ecumenical Temple
  6383 | Temple   | Became a worshipper of Sif Muna the Loreminder
  6499 | D:5      | Reached skill level 7 in Conjurations
  6522 | D:5      | Noticed Sigmund
  6528 | D:5      | Killed Sigmund
  6529 | D:5      | Reached skill level 1 in Fighting
  6529 | D:5      | Reached XP level 9. HP: 44/53 MP: 3/17
  8207 | D:6      | Reached * piety under Sif Muna
  8438 | D:5      | Learned a level 3 spell: Teleport Other
  9538 | D:7      | Found a glowing silver altar of Zin.
  9584 | D:7      | Found an ornate altar of the Wu Jian Council.
  9606 | D:7      | Found a hide-covered altar of Uskayaw.
  9662 | D:7      | Found a flagged portal.
 10097 | D:7      | Found a snail-covered altar of Cheibriados.
 10485 | D:7      | Reached XP level 10. HP: 54/58 MP: 10/20
 10672 | D:8      | Reached skill level 8 in Conjurations
 10672 | D:8      | Reached skill level 5 in Transmutations
 10693 | D:8      | Learned a level 4 spell: Fulminant Prism
 11086 | D:8      | Noticed Pikel
 11104 | D:8      | Found Cahafu's Antique Weapon Boutique.
 11127 | D:7      | Killed Pikel
 11128 | D:7      | Reached skill level 5 in Earth Magic
 11354 | D:8      | Reached skill level 1 in Hexes
 11435 | D:8      | Bought a transparent shortbow for 240 gold pieces
 11435 | D:8      | Identified the +7 shortbow "Leviticus" {heavy, rElec rC-
                  | rCorr Int+3} (You bought it in a shop on level 8 of the
                  | Dungeon)
 11604 | D:9      | Noticed a two-headed ogre
 11612 | D:9      | Killed a two-headed ogre
 11613 | D:9      | Reached skill level 1 in Translocations
 12000 | D:9      | Noticed a centaur warrior
 12014 | D:9      | Killed a centaur warrior
 12014 | D:9      | Reached ** piety under Sif Muna
 12017 | D:9      | Mangled by a troll

Illustrated notes

Levels and vault maps discovered:
D:1:      minmay_arrival_jagged, layout_basic
D:2:      layout_basic
D:3:      layout_rooms, grunt_temple_overflow_growth_and_decay,
          nemelex_xobeh_ov_fountains_minmay, gup_sewer_entry_bubbles,
          chequers_garden, uniq_grinder, uniq_natasha
D:4:      layout_loops_ring, uniq_ijyb
D:5:      layout_basic, mainiacjoe_overflow_concentric_impassable,
          minmay_temple_entry_sparse_star, uniq_edmund, uniq_prince_ribbit1,
          uniq_sigmund
D:6:      layout_loops_cross, minmay_misc_feat_tiny
D:7:      layout_cave_pods, nicolae_overflow_two_pavilions,
          nicolae_overflow_hidden_temple, enter_bailey_2,
          kennysheep_decorative_pillar, nicolae_eternal_life,
          due_unseen_surprise
D:8:      layout_rooms, serial_shops, shop_statue, uniq_pikel
D:9:      minmay_the_grid_octo_2x2 [minmay_the_grid_octo_fan_narrow,
          minmay_the_grid_octo_checkered, minmay_the_grid_octo_thin_diamonds,
          minmay_the_grid_octo_prize_single_spiral], layout_loops_corners,
          serial_shops, nicolae_inconvenience_store, uniq_erica, uniq_maurice
Temple:   nicolae_temple_bog_church

Skill      XL: |  1  2  3  4  5  6  7  8  9 10 |
---------------+-------------------------------+-----
Stealth        | 3 4 5 |  5.5
Conjurations   | 5 6 7 8 |  8.7
Spellcasting   | 3 4 5 6 7 |  7.4
Transmutations | 1 2 3 4 5 |  5.5
Earth Magic    | 1 2 3 4 5 |  5.4
Throwing       | 1 2 |  2.5
Dodging        | 3 4 |  4.9
Fighting       | 1 |  1.7
Hexes          | 2 |  2.0
Translocations | 2 |  2.0
Short Blades   | |  0.9
Ranged Weapons | |  0.7

Action                     |  1- 3 |  4- 6 |  7- 9 | 10-12 || total
---------------------------+-------+-------+-------+-------++-------
  Melee: Short sword       |       |     8 |    11 |       ||    19
         Tentacles         |       |     3 |     2 |       ||     5
         Constrict         |       |     1 |     1 |       ||     2
   Fire: Shortbow          |       |       |       |     5 ||     5
  Throw: Boomerang         |       |     3 |     3 |       ||     6
         Dart              |       |     1 |    11 |       ||    12
   Cast: Magic Dart        |    42 |    88 |   119 |    19 ||   268
         Searing Ray       |     3 |    16 |    68 |    16 ||   103
         Dazzling Flash    |       |       |     1 |       ||     1
         Teleport Other    |       |       |       |     1 ||     1
         Petrify           |       |       |       |     1 ||     1
 Invoke: Channel Magic     |       |       |       |     1 ||     1
  Evoke: Wand              |       |       |     1 |       ||     1
    Use: Scroll            |     1 |    11 |     8 |     4 ||    24
         Potion            |       |     2 |     9 |     2 ||    13
   Stab: Sleeping          |       |     1 |       |       ||     1
 Armour: Skin              |     1 |     1 |     9 |     4 ||    15
  Dodge: Dodged            |     4 |    16 |   105 |    62 ||   187

Table legend: (Time is in decaauts)
 A = Elapsed time spent in this place.
 B = Non-inter-level travel time spent in this place.
 C = Inter-level travel time spent in this place.
 D = Time resting spent in this place.
 E = Time spent auto-exploring this place.
 F = Levels seen in this place.
 G = Mean time per level.
                   A        B        C        D        E       F      G
               +--------+--------+--------+--------+--------+-----+--------+
         Total |  11993 |  11510 |    483 |   4814 |   4630 |  10 | 1199.3 |
       Dungeon |  11977 |  11500 |    477 |   4814 |   4630 |   9 | 1330.8 |
        Temple |     15 |      9 |      6 |      0 |      0 |   1 |   15.0 |
               +--------+--------+--------+--------+--------+-----+--------+

Top non-repeatable levels by time:
     D:5: 2443 daAuts
     D:7: 1822 daAuts
     D:3: 1577 daAuts
     D:4: 1331 daAuts
     D:2: 1282 daAuts
     D:6: 1223 daAuts
     D:1: 1115 daAuts
     D:8: 626 daAuts
     D:9: 555 daAuts
  Temple: 15 daAuts
